[Event "Titled Tuesday Blitz December 7 2021"]
[White "Harris, Ian"]
[Black "Bilan, Danila"]
[WhiteFideId "2020092"]
[BlackFideId "24161918"]
[WhiteElo "2344"]
[BlackElo "2164"]
[Result "1/2-1/2"]
[Round "06"]
[TimeControl "180+1"]
[Date "2021.12.07"]
[WhiteClock "0:00:26"]
[BlackClock "0:00:11"]

1. e4 c6 2. Nc3 d5 3. d3 e5 4. g3 Bb4 5. Bd2 d4 6. Nce2 Bxd2+ 7. Qxd2 Ne7 8. f4 f6 9. Nf3 Bg4 10. Bg2 Nd7 11. O-O O-O 12. c3 dxc3 13. bxc3 Nc5 14. Rfd1 Ng6 15. Qe3 Qe7 16. h3 Bxf3 17. Bxf3 Rad8 18. d4 exd4 19. cxd4 Na6 20. e5 fxe5 21. dxe5 Nh8 22. Rab1 Qc5 23. Qxc5 Nxc5 24. Nd4 Nf7 25. Rbc1 Na6 26. Ne6 Rxd1+ 27. Rxd1 Re8 28. Nd4 Rc8 29. Nb3 Rd8 30. Rxd8+ Nxd8 31. Na5 Nc5 32. Kf2 Kf7 33. Ke3 Nde6 34. h4 Nc7 35. f5 Ke7 36. Kd4 N5a6 37. Nxb7 Nb5+ 38. Ke3 Nc3 39. Bxc6 Nxa2 40. Bd5 N2b4 41. Be4 Nc7 42. Nc5 Nbd5+ 43. Kd4 Nb4 44. g4 a5 45. g5 Kf8 46. f6 gxf6 47. gxf6 a4 48. e6 Nxe6+ 49. Nxe6+ Kf7 50. Nc5 Kxf6 51. Nxa4 h6 52. Nc3 Na6 53. Bf3 Nb8 54. Ke3 Kg7 55. Kf4 Nd7 56. Ne4 Nf6 57. Ng3 Nh7 58. Nf5+ Kf6 59. Be4 Nf8 60. Bb1 Ne6+ 61. Kg4 Ng7 62. Nxh6 Ne6 63. Nf5 Ng7 64. Nxg7 Kxg7 65. Kg5 Kh8 66. h5 Kg8 67. Bg6 Kh8 68. h6 Kg8 69. Kf6 Kh8 70. Bf5 Kg8 71. Be4 Kh8 72. h7 1/2-1/2


[Site "https://www.chess.com"]

[Event "Titled Tuesday Blitz December 7 2021"]
[White "Hjartarson, Johann"]
[Black "Terletsky, Oleg"]
[WhiteFideId "2300044"]
[BlackFideId "14116774"]
[WhiteElo "2502"]
[BlackElo "2055"]
[Result "1-0"]
[Round "06"]
[TimeControl "180+1"]
[Date "2021.12.07"]
[WhiteClock "0:00:27"]
[BlackClock "0:00:01"]

1. e4 e5 2. Nc3 Nf6 3. g3 Bc5 4. Bg2 d6 5. d3 Nc6 6. Nge2 a6 7. O-O h5 8. Bg5 Ne7 9. d4 exd4 10. Nxd4 Nh7 11. Bxe7 Qxe7 12. Nd5 Qd8 13. Nb3 Ba7 14. Qxh5 g6 15. Qf3 c6 16. Qc3 O-O 17. Ne3 Qg5 18. f4 Qe7 19. Kh1 Nf6 20. e5 dxe5 21. fxe5 Nh5 22. Nc4 b5 23. Nd6 Be6 24. Qxc6 Qg5 25. Ne4 Qxe5 26. c3 Kg7 27. Qd6 Qxd6 28. Nxd6 Nxg3+ 29. hxg3 Rh8+ 30. Bh3 Rxh3+ 31. Kg2 Rah8 32. Rad1 Rh2+ 33. Kf3 Rxb2 34. Nd4 Bd5+ 35. Ke3 f5 36. Kf4 Kf6 37. N4xf5 gxf5 38. Rxd5 Bb8 39. Kf3 Ke6 40. Rfd1 Rhh2 41. Nxf5 Rhf2+ 42. Kg4 Rbe2 43. Ng7+ 1-0


[Site "https://www.chess.com"]

[Event "Titled Tuesday Blitz December 7 2021"]
[White "Holtel, Jasper"]
[Black "Dzhaparov, Medet"]
[WhiteFideId "12956376"]
[BlackFideId "13803689"]
[WhiteElo "2380"]
[BlackElo "1702"]
[Result "1-0"]
[Round "06"]
[TimeControl "180+1"]
[Date "2021.12.07"]
[WhiteClock "0:00:17"]
[BlackClock "0:00:01"]

1. d4 Nf6 2. Bg5 c5 3. d5 Ne4 4. h4 Qb6 5. Nd2 Nxg5 6. hxg5 g6 7. e4 Bg7 8. Nc4 Qd8 9. a4 d6 10. Nf3 Nd7 11. Bd3 Nb6 12. c3 Nxc4 13. Bxc4 a6 14. Qe2 Qa5 15. e5 O-O 16. Qe4 dxe5 17. Qh4 h5 18. gxh6 Bf6 19. Qg3 b5 20. Bd3 e4 21. Bxe4 Qb6 22. d6 Bb7 23. Bxb7 Qxb7 24. O-O-O bxa4 25. Ne5 1-0


[Site "https://www.chess.com"]

[Event "Titled Tuesday Blitz December 7 2021"]
[White "Ivanchuk, Vasyl"]
[Black "Druska, Juraj"]
[WhiteFideId "14100010"]
[BlackFideId "14915650"]
[WhiteElo "2710"]
[BlackElo "2369"]
[Result "1-0"]
[Round "06"]
[TimeControl "180+1"]
[Date "2021.12.07"]
[WhiteClock "0:00:29"]
[BlackClock "0:00:02"]

1. d4 Nf6 2. c4 c5 3. d5 e6 4. Nc3 exd5 5. cxd5 g6 6. e4 d6 7. Bd3 Bg7 8. h3 O-O 9. Nf3 Re8 10. O-O c4 11. Bc2 Nbd7 12. Be3 b6 13. Nd4 Nc5 14. Nc6 Qd7 15. Qf3 Bb7 16. Bd4 Nh5 17. Bxg7 Nxg7 18. Nd4 a6 19. a4 Re7 20. Rfe1 Rae8 21. Re3 Qd8 22. Rae1 Nd7 23. Qe2 Qc7 24. Qd2 Qc5 25. Rb1 Nh5 26. b4 cxb3 27. Nxb3 Qc4 28. Bd3 Qc8 29. Bf1 Nc5 30. Nxc5 Qxc5 31. Qb2 Bc8 32. Qxb6 Qxb6 33. Rxb6 Nf6 34. Rxd6 Kg7 35. f3 Rc7 36. Bxa6 Bd7 37. Bb5 Bxb5 38. axb5 Rc4 39. Rc6 Rb4 40. Rd3 Nh5 41. Rd2 Nf4 42. d6 Rb1+ 43. Nxb1 1-0


[Site "https://www.chess.com"]

[Event "Titled Tuesday Blitz December 7 2021"]
[White "Kadam, Om Manish"]
[Black "Grineva, Marianna"]
[WhiteFideId "45076294"]
[BlackFideId "14102013"]
[WhiteElo "1729"]
[BlackElo "1953"]
[Result "1-0"]
[Round "06"]
[TimeControl "180+1"]
[Date "2021.12.07"]
[WhiteClock "0:02:11"]
[BlackClock "0:00:02"]

1. e4 c5 2. Nf3 d6 3. d4 cxd4 4. Nxd4 Nf6 5. Nc3 g6 6. g3 Bg7 7. Bg2 O-O 8. O-O a6 9. h3 Nc6 10. Nxc6 bxc6 11. Be3 Rb8 12. Rb1 Be6 13. a3 Qc8 14. Kh2 Rd8 15. Qe2 d5 16. exd5 cxd5 17. Bd4 Qc4 18. Qxc4 dxc4 19. Be5 Rb6 20. Bc7 Rdb8 21. Bxb6 Rxb6 22. Rfd1 Bf8 23. Rd8 Bf5 24. Nd5 Nxd5 25. Bxd5 Bxc2 26. Re1 e6 27. Bxc4 Rxb2 28. Re2 Kg7 29. Rdd2 Bxa3 30. Rxc2 Rb6 31. Ra2 Bc5 32. Rxa6 Rb4 33. Rc2 Bd4 34. Rd6 Be5 35. Rd7 Kf6 36. Ba2 h5 37. Re2 h4 38. Kg2 hxg3 39. fxg3 Ra4 40. Rf2+ Kg5 41. Rdxf7 Ra3 42. R7f3 Ra5 43. Re2 Bd6 44. Bxe6 Kh6 45. h4 Ra1 46. g4 Bc5 47. g5+ Kh5 48. Kh3 Rh1+ 49. Rh2 Rg1 50. Rf4 Bd6 51. Bg4+ Rxg4 52. Rxg4 Bxh2 53. Ra4 1-0


[Site "https://www.chess.com"]

[Event "Titled Tuesday Blitz December 7 2021"]
[White "Kalogeris, Ioannis"]
[Black "Bentivegna, Francesco"]
[WhiteFideId "4239563"]
[BlackFideId "809055"]
[WhiteElo "2287"]
[BlackElo "2254"]
[Result "1-0"]
[Round "06"]
[TimeControl "180+1"]
[Date "2021.12.07"]
[WhiteClock "0:00:07"]
[BlackClock "0:00:02"]

1. e4 e5 2. Nf3 Nc6 3. Bc4 Nf6 4. d3 h6 5. Nc3 d6 6. O-O g6 7. Ne2 Bg7 8. Ng3 Na5 9. Bb5+ c6 10. Ba4 b5 11. Bb3 Nxb3 12. axb3 O-O 13. Be3 a5 14. d4 Ng4 15. Qd2 Nxe3 16. Qxe3 Qb6 17. Ne2 Bg4 18. dxe5 Qxe3 19. fxe3 dxe5 20. Nc1 Rfd8 21. Nd3 f6 22. Ra2 Be6 23. Nc5 Bf7 24. Nb7 a4 25. Nxd8 Rxd8 26. Rc1 Bf8 27. Kf2 g5 28. g4 h5 29. h3 hxg4 30. hxg4 Be6 31. Raa1 a3 32. bxa3 Bxg4 33. a4 Be6 34. axb5 cxb5 35. Ra6 Kf7 36. Ke2 Rc8 37. Kd2 g4 38. Nh4 Rd8+ 39. Ke2 Rc8 40. Kd2 Rd8+ 41. Kc3 b4+ 42. Kb2 Bc5 43. Re1 g3 44. Rg1 Bxe3 45. Rxg3 Bd4+ 46. Kc1 Bc3 47. Nf5 Bd2+ 48. Kb1 Bxf5 49. exf5 Bg5 50. Rg1 Rd7 51. Rh1 Kg7 52. Rb6 e4 53. Rxb4 e3 54. Re4 Rd2 55. Re1 Kf7 56. b4 Rd5 57. c4 Rxf5 58. b5 Rf2 59. b6 f5 60. b7 1-0


[Site "https://www.chess.com"]

[Event "Titled Tuesday Blitz December 7 2021"]
[White "Kamsky, Gata"]
[Black "Dronavalli, Harika"]
[WhiteFideId "2000024"]
[BlackFideId "5015197"]
[WhiteElo "2645"]
[BlackElo "2382"]
[Result "1-0"]
[Round "06"]
[TimeControl "180+1"]
[Date "2021.12.07"]
[WhiteClock "0:00:41"]
[BlackClock "0:00:15"]

1. e4 e6 2. d4 d5 3. exd5 exd5 4. Nf3 Nc6 5. Bf4 Bd6 6. Bxd6 Qxd6 7. c3 Nge7 8. Bd3 Bf5 9. O-O O-O 10. Re1 Bxd3 11. Qxd3 Ng6 12. g3 Rae8 13. Nbd2 a6 14. Nb3 a5 15. a4 b6 16. Nbd2 h6 17. Qf5 Nce7 18. Qd3 Nc6 19. Nf1 Qd7 20. Rxe8 Rxe8 21. Ne3 Nd8 22. h4 c6 23. h5 Nf8 24. Ne5 Qe6 25. Qf5 f6 26. Nd3 Nf7 27. Nf4 Qxf5 28. Nxf5 Ng5 29. Kg2 Nge6 30. Nd3 Nd7 31. b4 Ng5 32. Rb1 Ne4 33. bxa5 Nxc3 34. Rc1 Nxa4 35. a6 c5 36. Ra1 b5 37. dxc5 Ra8 38. c6 Ndb6 39. Nb4 Kf7 40. Re1 Ra7 41. Nd6+ 1-0


[Site "https://www.chess.com"]

[Event "Titled Tuesday Blitz December 7 2021"]
[White "Khanin, Semen"]
[Black "Lewtak, Damian"]
[WhiteFideId "4111990"]
[BlackFideId "1141724"]
[WhiteElo "2442"]
[BlackElo "2203"]
[Result "1-0"]
[Round "06"]
[TimeControl "180+1"]
[Date "2021.12.07"]
[WhiteClock "0:00:51"]
[BlackClock "0:00:17"]

1. Nf3 g6 2. g3 Bg7 3. Bg2 b6 4. O-O Bb7 5. a4 a5 6. d4 d6 7. Nc3 e6 8. e4 Ne7 9. Re1 Nd7 10. Nb5 O-O 11. h4 Nf6 12. Qd3 Qd7 13. c4 Rad8 14. Bg5 h6 15. Bf4 Nh5 16. Bd2 f5 17. d5 e5 18. Bh3 Kh7 19. Kg2 Nf6 20. b4 axb4 21. a5 bxa5 22. Rxa5 fxe4 23. Rxe4 Nf5 24. Ra7 Nxe4 25. Qxe4 c6 26. Rxb7 Qxb7 27. dxc6 Qf7 28. c7 Rd7 29. h5 d5 30. hxg6+ Qxg6 31. cxd5 Rdf7 32. Bxb4 Nh4+ 33. Qxh4 Rxf3 34. Bxf8 Qf7 35. Qe4+ Kg8 36. Qxf3 1-0


[Site "https://www.chess.com"]

[Event "Titled Tuesday Blitz December 7 2021"]
[White "Khoroshev, Nikita"]
[Black "Obolentseva, Alexandra"]
[WhiteFideId "14200287"]
[BlackFideId "24153648"]
[WhiteElo "2354"]
[BlackElo "2113"]
[Result "0-1"]
[Round "06"]
[TimeControl "180+1"]
[Date "2021.12.07"]
[WhiteClock "0:00:05"]
[BlackClock "0:00:15"]

1. e4 c5 2. c3 Nf6 3. e5 Nd5 4. Nf3 d6 5. exd6 g6 6. dxe7 Qxe7+ 7. Qe2 Qxe2+ 8. Bxe2 Nf4 9. Bb5+ Bd7 10. Bxd7+ Nxd7 11. g3 Nd3+ 12. Ke2 c4 13. b3 O-O-O 14. bxc4 N7c5 15. Rf1 Bh6 16. Ba3 Rhe8+ 17. Kd1 Ne4 18. Kc2 Nexf2 19. Nd4 Re1 20. Rxe1 Nxe1+ 21. Kb3 Nfd3 22. c5 a6 23. c6 b5 24. Be7 Re8 25. Bd6 Rd8 26. a4 bxa4+ 27. Rxa4 Rxd6 28. Ka2 Nc5 29. Ra5 Ned3 30. Na3 Kc7 31. Nc4 Rd8 32. Ne5 Nxe5 33. Rxc5 Nd3 34. Ra5 Kb6 35. Ra4 Bg7 36. Nb3 Kxc6 37. Rxa6+ Kd7 38. Ra5 Ke7 39. Ra6 Rd7 40. Ka3 Bh6 41. Ka4 Rb7 42. Nd4 Bxd2 43. Nc6+ Kf8 44. Ra5 Kg7 45. Rd5 Nb2+ 46. Ka5 Bxc3+ 47. Ka6 Rc7 48. Kb6 Rc8 49. Kb7 Re8 50. Rc5 Bf6 51. Rb5 Nc4 52. g4 Nd6+ 53. Kb6 Nxb5 54. Kxb5 Re4 55. h3 Re3 0-1


[Site "https://www.chess.com"]

[Event "Titled Tuesday Blitz December 7 2021"]
[White "Kislinsky, Alexey"]
[Black "Zhuravleva, Olga"]
[WhiteFideId "14108801"]
[BlackFideId "4145933"]
[WhiteElo "2335"]
[BlackElo "2119"]
[Result "1-0"]
[Round "06"]
[TimeControl "180+1"]
[Date "2021.12.07"]
[WhiteClock "0:00:16"]
[BlackClock "0:00:17"]

1. e4 e5 2. Nc3 Nf6 3. f4 d5 4. fxe5 Nxe4 5. Qf3 f5 6. Nh3 c6 7. d3 Nxc3 8. bxc3 Be7 9. Qh5+ g6 10. Qf3 Be6 11. Nf4 Qd7 12. Rb1 b6 13. d4 O-O 14. h4 c5 15. Qg3 Bf7 16. Bb5 Qc8 17. Be3 cxd4 18. Bxd4 Nc6 19. e6 Be8 20. Bxc6 Qxc6 21. h5 g5 22. Kd2 h6 23. Ng6 Bd6 24. Qd3 Bxg6 25. hxg6 Bf4+ 26. Kd1 g4 27. g3 Bg5 28. Re1 Rfe8 29. Qe2 Re7 30. Qe5 1-0


[Site "https://www.chess.com"]

[Event "Titled Tuesday Blitz December 7 2021"]
[White "Klabis, Rokas"]
[Black "Garagulya, Konstantin"]
[WhiteFideId "12805246"]
[BlackFideId "4128931"]
[WhiteElo "2255"]
[BlackElo "2329"]
[Result "0-1"]
[Round "06"]
[TimeControl "180+1"]
[Date "2021.12.07"]
[WhiteClock "0:00:11"]
[BlackClock "0:00:05"]

1. e4 c5 2. Nc3 a6 3. a4 Nc6 4. g3 g6 5. Bg2 Bg7 6. Nge2 e6 7. d3 Nge7 8. Be3 Nd4 9. Qd2 h5 10. Nd1 Rb8 11. O-O d6 12. h3 b5 13. axb5 axb5 14. Ra7 Nec6 15. Ra1 O-O 16. Kh2 b4 17. f4 Nxe2 18. Qxe2 Nd4 19. Qf2 b3 20. c3 Nc2 21. Rb1 Bd7 22. Bd2 Bb5 23. Qf3 d5 24. exd5 Qxd5 25. Qxd5 exd5 26. Nf2 Rbd8 27. Bf3 Rfe8 28. Kg2 Ne3+ 29. Bxe3 Rxe3 30. Rbd1 Kf8 31. Rd2 c4 32. dxc4 Bxc4 33. Rfd1 Ra8 34. Bxd5 Bxd5+ 35. Rxd5 Re2 36. R1d2 Rxd2 37. Rxd2 Ra2 38. Kf3 Bxc3 39. Rd3 Bxb2 40. Rxb3 Bd4 41. Ne4 Kg7 42. Ng5 Ra7 43. g4 hxg4+ 44. hxg4 Bf6 45. Ne4 Be7 46. f5 gxf5 47. gxf5 f6 48. Kf4 Kf7 49. Rh3 Ra1 50. Rh7+ Ke8 51. Ke3 Ra4 52. Nc3 Ra5 53. Ke4 Re5+ 54. Kf4 Rc5 55. Ne4 Rc4 56. Ke3 Ra4 57. Nc3 Ra5 58. Rh5 Kf7 59. Kd4 Bc5+ 60. Kc4 Be7 61. Nd5 Bd8 62. Rh7+ Ke8 63. Rb7 Kf8 64. Kd4 Ke8 65. Ke4 Rc5 66. Nf4 Re5+ 67. Kd4 Rxf5 68. Ne6 Re5 69. Ng7+ Kf8 70. Rb8 Kxg7 71. Rxd8 Kg6 72. Rf8 Kf5 73. Rf7 Re1 74. Kd3 Kg5 75. Kd2 Re8 76. Rd7 f5 77. Rf7 Kg4 78. Kd3 f4 79. Kd2 Kg3 80. Kd3 f3 81. Kd2 Kg2 82. Kd3 f2 83. Kd2 f1=Q 84. Rxf1 0-1


[Site "https://www.chess.com"]

[Event "Titled Tuesday Blitz December 7 2021"]
[White "Koellner, Ruben Gideon"]
[Black "Samadov, Read"]
[WhiteFideId "12993093"]
[BlackFideId "13417444"]
[WhiteElo "2578"]
[BlackElo "2084"]
[Result "0-1"]
[Round "06"]
[TimeControl "180+1"]
[Date "2021.12.07"]
[WhiteClock "0:00:01"]
[BlackClock "0:00:13"]

1. d4 Nf6 2. Bg5 d5 3. e3 Bf5 4. Bxf6 exf6 5. Bd3 Bxd3 6. Qxd3 g6 7. Ne2 Bg7 8. O-O O-O 9. c4 dxc4 10. Qxc4 c6 11. Nbc3 Nd7 12. b4 f5 13. Rfd1 Qe7 14. a4 Rfc8 15. a5 Qd6 16. g3 b6 17. Nf4 Qc7 18. Rdc1 c5 19. Nb5 Qc6 20. bxc5 bxc5 21. Nd5 Bf8 22. a6 h5 23. h4 Rd8 24. dxc5 Ne5 25. Qb3 Rxd5 26. Nd4 Rxd4 27. exd4 Nf3+ 28. Kg2 Nxd4+ 0-1


[Site "https://www.chess.com"]

[Event "Titled Tuesday Blitz December 7 2021"]
[White "Kosteniuk, Alexandra"]
[Black "Chan, Kim Yew"]
[WhiteFideId "4128125"]
[BlackFideId "5717981"]
[WhiteElo "2475"]
[BlackElo "2206"]
[Result "1-0"]
[Round "06"]
[TimeControl "180+1"]
[Date "2021.12.07"]
[WhiteClock "0:00:24"]
[BlackClock "0:00:18"]

1. e4 d5 2. exd5 Qxd5 3. Nc3 Qd8 4. d4 Nf6 5. Nf3 Bg4 6. h3 Bxf3 7. Qxf3 c6 8. Be3 e6 9. Bd3 Nbd7 10. O-O Bd6 11. Ne2 O-O 12. c4 Re8 13. Rad1 Qb8 14. Ng3 b5 15. b3 a5 16. Qxc6 bxc4 17. bxc4 Bxg3 18. fxg3 Qxg3 19. Bf4 Qh4 20. Qb5 h6 21. Be2 Red8 22. Rd3 Nf8 23. Bg3 Qe4 24. Qe5 Ng6 25. Qxe4 Nxe4 26. Bh2 Rd7 27. Bf3 f5 28. Re1 Rc8 29. Bxe4 fxe4 30. Rxe4 Rxc4 31. Rxe6 Rc1+ 32. Kf2 Nh4 33. Re8+ Kf7 34. Re2 Rd5 35. g4 h5 36. Bf4 Rc4 37. Be3 hxg4 38. hxg4 Ng6 39. Kg3 Ne7 40. Bf2 Nc6 41. Re4 Ra4 42. Rf3+ Kg6 43. Re6+ Kh7 44. Rxc6 Rxa2 45. Rc7 1-0


[Site "https://www.chess.com"]

[Event "Titled Tuesday Blitz December 7 2021"]
[White "Koutlas, Nikolaos"]
[Black "Zhigalko, Sergei"]
[WhiteFideId "25827138"]
[BlackFideId "13502956"]
[WhiteElo "1525"]
[BlackElo "2662"]
[Result "1-0"]
[Round "06"]
[TimeControl "180+1"]
[Date "2021.12.07"]
[WhiteClock "0:00:07"]
[BlackClock "0:00:05"]

1. e4 c5 2. Nf3 Nc6 3. d4 cxd4 4. Nxd4 Nf6 5. Nc3 e5 6. Ndb5 d6 7. Bg5 a6 8. Na3 b5 9. Nd5 Be7 10. Bxf6 Bxf6 11. c4 b4 12. Nc2 O-O 13. Nce3 Bg5 14. Nf5 g6 15. h4 Bf4 16. g3 gxf5 17. gxf4 Kh8 18. fxe5 dxe5 19. Qh5 Nd4 20. O-O-O Be6 21. Bh3 Bxd5 22. Rxd4 exd4 23. Bxf5 Kg7 24. cxd5 Rg8 25. Qxh7+ Kf8 26. Qh6+ Ke8 27. Kb1 Rb8 28. Rc1 Rb6 29. Qh5 Qd6 30. Rc8+ Ke7 31. Rxg8 b3 32. Qg5+ Qf6 33. Qxf6+ Kxf6 34. axb3 Rxb3 35. Kc2 Rb8 36. h5 Rxg8 37. h6 Rb8 38. h7 Ke5 39. Kd3 a5 40. Kc4 d3 41. Kc3 Kf6 42. Kxd3 Kg7 43. Kc3 a4 44. d6 Rb3+ 45. Kc4 Rxb2 46. d7 Rd2 47. Kb4 Rd4+ 48. Ka3 f6 49. f4 Kh8 50. e5 fxe5 51. fxe5 Kg7 52. e6 Rxd7 53. exd7 1-0


[Site "https://www.chess.com"]

[Event "Titled Tuesday Blitz December 7 2021"]
[White "Kretchetov, Alexandre"]
[Black "Shyaamnikhil P"]
[WhiteFideId "4124588"]
[BlackFideId "5024218"]
[WhiteElo "2415"]
[BlackElo "2300"]
[Result "1/2-1/2"]
[Round "06"]
[TimeControl "180+1"]
[Date "2021.12.07"]
[WhiteClock "0:00:07"]
[BlackClock "0:00:20"]

1. d4 d5 2. c4 dxc4 3. e4 e5 4. Nf3 Bb4+ 5. Nbd2 exd4 6. Bxc4 Nc6 7. O-O Nf6 8. e5 Nd5 9. Nb3 Bg4 10. Nbxd4 O-O 11. Nxc6 bxc6 12. Qe2 Re8 13. h3 Bxf3 14. Qxf3 Rxe5 15. b3 Qh4 16. Bb2 Rg5 17. Kh1 Bd6 18. Rad1 Nf4 19. Rxd6 cxd6 20. Qxc6 Rf8 21. Bc1 Rg6 22. Bxf4 Qxf4 23. Qd5 h6 24. Kg1 Re6 25. Qd3 Re7 26. g3 Qe5 27. Rd1 Rd8 28. Bd5 Qe2 29. Qd4 Qxa2 30. b4 Qa4 31. Ra1 Qe8 32. Rxa7 Rxa7 33. Qxa7 Rd7 34. Qd4 Qe1+ 35. Kg2 Qe5 36. Qd3 Kf8 37. b5 Qb2 38. Qc4 Ke7 39. Qe4+ Qe5 40. Qc4 Qb2 41. Qe4+ Kd8 42. Qc4 Rc7 43. Bc6 g6 44. Qe4 Qe5 45. Qg4 Qf5 46. Qd4 Qe5 47. Qg4 Qf5 48. Qd4 Qe5 49. Qg4 1/2-1/2


[Site "https://www.chess.com"]

[Event "Titled Tuesday Blitz December 7 2021"]
[White "Krivonosov, Oleg"]
[Black "Orlov, Georgi"]
[WhiteFideId "11600349"]
[BlackFideId "2011271"]
[WhiteElo "2469"]
[BlackElo "2511"]
[Result "1-0"]
[Round "06"]
[TimeControl "180+1"]
[Date "2021.12.07"]
[WhiteClock "0:01:58"]
[BlackClock "0:00:21"]

1. Nf3 Nf6 2. c4 e6 3. g3 d5 4. d4 Be7 5. Bg2 O-O 6. O-O c6 7. Qc2 b6 8. Rd1 Na6 9. a3 Bb7 10. Bf4 c5 11. Nc3 Qc8 12. cxd5 cxd4 13. Nxd4 Nxd5 14. Nxd5 Bxd5 15. Bxd5 exd5 16. Rac1 Qxc2 17. Rxc2 Bf6 18. b4 Rfd8 19. Rcd2 Rac8 20. Nb5 g5 21. Be3 Nb8 22. Nxa7 Rc3 23. Nb5 Rb3 24. Bxb6 1-0


[Site "https://www.chess.com"]

[Event "Titled Tuesday Blitz December 7 2021"]
[White "Krutko, Anatoly"]
[Black "Zarubitski, Viachaslau"]
[WhiteFideId "4185862"]
[BlackFideId "13509373"]
[WhiteElo "2378"]
[BlackElo "2325"]
[Result "1-0"]
[Round "06"]
[TimeControl "180+1"]
[Date "2021.12.07"]
[WhiteClock "0:00:14"]
[BlackClock "0:00:02"]

1. c4 Nf6 2. Nc3 e5 3. Nf3 Nc6 4. e4 Bb4 5. d3 O-O 6. g3 d6 7. Bg2 Nd4 8. h3 c6 9. O-O Nxf3+ 10. Qxf3 h6 11. Bd2 Re8 12. a3 Ba5 13. b4 Bc7 14. Rad1 Be6 15. Kh2 a6 16. a4 a5 17. b5 Nd7 18. Be3 Bb6 19. Bc1 Bc5 20. Qe2 Nb6 21. Qc2 Qc7 22. f4 f6 23. Ne2 Bf7 24. g4 d5 25. g5 dxc4 26. gxh6 cxd3 27. Rxd3 Bd6 28. f5 cxb5 29. Qd1 Nc4 30. Rg3 Bf8 31. hxg7 Bc5 32. Nc3 Rad8 33. Qg4 Nd2 34. Bxd2 Rxd2 35. Qh4 Bc4 36. Nd5 Bxd5 37. exd5 Qxg7 38. Rxg7+ Kxg7 39. Qh5 Rg8 40. Qg6+ Kf8 41. Qxf6+ Ke8 42. Qe6+ Kf8 43. Qf6+ Ke8 44. Qg6+ Rxg6 45. fxg6 1-0


[Site "https://www.chess.com"]

[Event "Titled Tuesday Blitz December 7 2021"]
[White "Le, Tuan Minh"]
[Black "Bloomer, Josh"]
[WhiteFideId "12401153"]
[BlackFideId "2020416"]
[WhiteElo "2450"]
[BlackElo "2437"]
[Result "1-0"]
[Round "06"]
[TimeControl "180+1"]
[Date "2021.12.07"]
[WhiteClock "0:02:57"]
[BlackClock "0:02:26"]

1. d4 Nf6 2. Nf3 g6 3. Bg5 Bg7 4. Nbd2 O-O 5. c3 d6 6. e4 c5 7. dxc5 dxc5 8. Bc4 Nc6 9. O-O h6 10. Bxf6 Bxf6 11. Qe2 Qc7 12. Qe3 Ne5 13. Nxe5 Qxe5 14. Qxh6 Bg5 15. Qxg6+ Kh8 16. Qh5+ Kg7 17. Nf3 1-0


[Site "https://www.chess.com"]

[Event "Titled Tuesday Blitz December 7 2021"]
[White "Leitao, Rafael"]
[Black "Willow, Jonah B"]
[WhiteFideId "2101246"]
[BlackFideId "438804"]
[WhiteElo "2609"]
[BlackElo "2261"]
[Result "1-0"]
[Round "06"]
[TimeControl "180+1"]
[Date "2021.12.07"]
[WhiteClock "0:00:13"]
[BlackClock "0:00:03"]

1. c4 c5 2. Nc3 Nc6 3. Nf3 g6 4. e3 Nf6 5. d4 cxd4 6. exd4 d5 7. cxd5 Nxd5 8. Bc4 Nb6 9. Bb3 Bg7 10. O-O O-O 11. d5 Na5 12. h3 Bf5 13. Re1 h6 14. Ne5 Rc8 15. g4 Bd7 16. d6 Nxb3 17. Nxd7 Qxd7 18. Rxe7 Nxa1 19. Rxd7 Nxd7 20. Bf4 g5 21. Bg3 Bxc3 22. bxc3 Rxc3 23. Qxa1 Rfc8 24. Kg2 Nf8 25. Qd1 Ne6 26. Qd5 R3c6 27. Qe5 Rd8 28. Qf6 Rdxd6 29. Bxd6 Rxd6 30. Qe7 Rb6 31. a4 Rb3 32. Kh2 Nf4 33. Qe8+ Kg7 34. Qe5+ Kg8 35. Qe8+ Kg7 36. Qe5+ Kh7 37. Qf5+ Kg8 38. Qc8+ Kg7 39. h4 Rh3+ 40. Kg1 Rxh4 41. Qxb7 Rxg4+ 42. Kf1 Rh4 43. Ke1 Rh3 44. Qxa7 Rh1+ 45. Kd2 Rb1 46. a5 Rb2+ 47. Kc3 Ra2 48. a6 Nd5+ 49. Kb3 Ra5 50. Qd4+ Kg8 51. a7 Nc7 52. Qd8+ Kg7 53. Qxc7 g4 54. Qxa5 1-0


[Site "https://www.chess.com"]

[Event "Titled Tuesday Blitz December 7 2021"]
[White "Leiva, Gianmarco"]
[Black "Cvetanovic, Uros"]
[WhiteFideId "3804399"]
[BlackFideId "900672"]
[WhiteElo "2328"]
[BlackElo "2282"]
[Result "1-0"]
[Round "06"]
[TimeControl "180+1"]
[Date "2021.12.07"]
[WhiteClock "0:00:08"]
[BlackClock "0:00:08"]

1. e4 c5 2. Nf3 e6 3. g3 d5 4. exd5 exd5 5. d4 Nf6 6. Bg2 Qe7+ 7. Kf1 Nc6 8. Nc3 Be6 9. Bf4 h6 10. Nb5 g5 11. Bd6 Qd7 12. Nc7+ Kd8 13. Bxf8 Kxc7 14. Bg7 Ne4 15. Bxh8 Rxh8 16. dxc5 Nxc5 17. Nd4 Bh3 18. Nxc6 bxc6 19. Qd4 Ne4 20. f3 Qf5 21. Kg1 Bxg2 22. Kxg2 Nf6 23. Qf2 Re8 24. Rhe1 Rb8 25. b3 Nd7 26. Qxa7+ Rb7 27. Qf2 Ne5 28. a4 f6 29. a5 h5 30. a6 Rb8 31. a7 Ra8 32. Rad1 h4 33. g4 Qf4 34. Rd4 Nxg4 35. fxg4 Qxf2+ 36. Kxf2 Rxa7 37. Re7+ Kb6 38. Rb4+ Kc5 39. Rxa7 Kxb4 40. Ke2 Kc3 41. Kd1 Kd4 42. Rf7 Ke5 43. h3 c5 44. Kd2 Ke6 45. Rf8 Ke5 46. Kd3 Kf4 47. Rxf6+ Kg3 48. Rf5 c4+ 49. bxc4 dxc4+ 50. Ke3 Kxh3 51. Kf3 Kh2 52. Rxg5 Kg1 53. Rh5 Kf1 54. Rxh4 Ke1 55. Rh2 Kd1 56. c3 1-0


[Site "https://www.chess.com"]

[Event "Titled Tuesday Blitz December 7 2021"]
[White "Lin, Dachey"]
[Black "Horvath, Dominik"]
[WhiteFideId "2029650"]
[BlackFideId "1642561"]
[WhiteElo "2601"]
[BlackElo "2336"]
[Result "0-1"]
[Round "06"]
[TimeControl "180+1"]
[Date "2021.12.07"]
[WhiteClock "0:00:38"]
[BlackClock "0:00:56"]

1. Nc3 e5 2. e4 Nf6 3. f4 d5 4. fxe5 Nxe4 5. Qf3 Nc6 6. Bb5 Nxc3 7. dxc3 Qh4+ 8. g3 Qe4+ 9. Qxe4 dxe4 10. Ne2 Bd7 11. Bxc6 Bxc6 12. Be3 g6 13. O-O-O Bg7 14. Bd4 O-O 15. e6 f5 16. Bxg7 Kxg7 17. Nd4 Be8 18. Rhf1 Kf6 19. b4 Ke7 20. c4 a5 21. a3 axb4 22. axb4 Ra4 23. c3 Ra2 24. Nc2 Kxe6 25. Rd8 Ke7 26. Rc8 Rxc2+ 0-1


[Site "https://www.chess.com"]

[Event "Titled Tuesday Blitz December 7 2021"]
[White "Macovei, Andrei"]
[Black "Babazada, Khazar"]
[WhiteFideId "13904680"]
[BlackFideId "13413554"]
[WhiteElo "2410"]
[BlackElo "2302"]
[Result "0-1"]
[Round "06"]
[TimeControl "180+1"]
[Date "2021.12.07"]
[WhiteClock "0:00:01"]
[BlackClock "0:00:44"]

1. e4 Nf6 2. e5 Nd5 3. d4 Nb6 4. c4 d6 5. exd6 cxd6 6. Nf3 g6 7. h3 Bg7 8. Be2 O-O 9. O-O Bf5 10. Nc3 Nc6 11. Bg5 d5 12. c5 Nc8 13. Qd2 Be4 14. Bh6 Bxf3 15. Bxf3 e6 16. Bxg7 Kxg7 17. b4 a6 18. Rab1 Qf6 19. Rfd1 N8e7 20. Ne2 Nf5 21. Bg4 Nfe7 22. Qf4 h5 23. Qxf6+ Kxf6 24. Bf3 Rfb8 25. h4 b6 26. g3 Nf5 27. a3 Rb7 28. Bg2 Rab8 29. Bh3 bxc5 30. dxc5 a5 31. Bxf5 gxf5 32. Nd4 Nxd4 33. Rxd4 Ke5 34. Rf4 d4 35. c6 Rc7 36. b5 Kd5 37. Rd1 e5 38. Rxf5 Rxb5 39. f4 Ke4 40. Rxh5 Rxc6 41. Kg2 Rc2+ 42. Kh3 d3 43. Rxe5+ Rxe5 44. Re1+ Kf3 45. Rxe5 d2 46. Rd5 Ke2 47. h5 Rc5 48. Rxc5 d1=Q 49. Kg4 f6 50. Kf5 Kf2 51. g4 Kg3 52. Rc3+ Kh4 0-1


[Site "https://www.chess.com"]